Map: Triton LE

Players

SpeCial

  • Race: Terran Terran
  • Spawn Location: 11:00

Dark - Winner!

  • Race: Zerg Zerg
  • Spawn Location: 5:00

Event: IEM Katowice 2020

VOD

Have the link to the VOD?

Description

Time

  • Played on: Feb. 27, 2020, 7:01 a.m.
  • Length: 8:45

All games in this series

Show
View Real Time Build Order
Export as new Build Order

SpeCial Terran 

Build Orders: Liberator Opening, Reaper Expand 

Get SALT Encoding   

  12  0:00  SCV  
  13  0:13  SCV  
  14  0:17  Supply Depot  
  14  0:25  SCV  
  15  0:39  SCV, Barracks  
  16  0:44  Refinery  
  16  0:51  SCV  
  17  1:03  SCV  
  18  1:15  SCV  
  19  1:27  Reaper, Orbital Command  
  20  1:39  Command Center  
  20  1:49  Supply Depot  
  20  1:53  SCV  
  21  1:59  Marine  
  22  2:04  Factory  
  22  2:06  SCV  
  23  2:10  Refinery  
  23  2:18  SCV  
  23  2:20  Barracks Reactor  
  24  2:30  SCV  
  25  2:42  SCV  
  26  2:49  Starport  
  26  2:51  Orbital Command  
  26  2:54  SCV  
  27  3:04  Command Center  
  27  3:06  SCV  
  27  3:12  Hellion  
  30  3:17  Hellion  
  30  3:19  SCV  
  33  3:21  SCV  
  33  3:23  Marine  
  35  3:30  Viking  
  35  3:33  SCV  
  35  3:34  SCV  
  39  3:41  Hellion x2  
  43  3:45  Supply Depot  
  43  3:47  Barracks Tech Lab  
  43  3:48  SCV  
  43  3:50  SCV  
  45  4:00  SCV  
  46  4:07  SCV, Liberator  
  46  4:09  Hellion x2  
  54  4:10  Supply Depot  
  54  4:16  SCV  
  55  4:19  SCV, Orbital Command  
  56  4:28  SCV  
  58  4:31  SCV  
  58  4:33  Hellion x2  
  58  4:34  Supply Depot  
  62  4:40  SCV  
  62  4:43  SCV  
  64  4:52  SCV, Liberator  
  68  4:55  SCV x2  
  68  4:58  Marine  
  68  4:59  Stimpack  
  71  5:04  SCV, Barracks  
  71  5:05  Factory Reactor  
  71  5:07  SCV x2  
  71  5:08  Barracks  
  70  5:16  SCV, Marine  
  69  5:22  Engineering Bay  
  69  5:23  Engineering Bay  
  65  5:30  SCV  
  65  5:33  SCV  
  65  5:34  Marine  
  66  5:41  Starport Reactor  
  66  5:42  Barracks  
  64  5:44  Barracks  
  64  5:47  SCV x2  
  64  5:49  Terran Infantry Weapons Level 1  
  62  5:51  Refinery  
  62  5:52  Refinery, Marine  
  63  6:00  SCV x2  
  63  6:01  Supply Depot, Terran Infantry Armor Level 1  
  63  6:03  Marine x3  
  69  6:05  Factory Tech Lab  
  69  6:08  Supply Depot  
  69  6:09  Supply Depot, Marine  
  69  6:10  Orbital Command  
  69  6:12  SCV x2  
  69  6:15  Marine  
  72  6:20  Medivac x2, Marine  
  72  6:22  Marine x2  
  72  6:24  SCV  
  81  6:25  SCV  
  81  6:27  Marine  
  82  6:33  Marine  
  82  6:36  SCV  
  82  6:37  SCV, Barracks Reactor  
  82  6:38  Barracks Reactor  
  85  6:40  SCV  
  85  6:45  Marine, Siege Tank  
  90  6:48  SCV, Barracks x2  
  90  6:49  SCV, Barracks  
  90  6:52  SCV  
  90  6:53  Marine x3  
  95  6:54  Marine  
  95  6:56  Supply Depot, Combat Shield  
  95  7:00  SCV  
  97  7:02  SCV, Medivac x2  
  97  7:03  Marine  
  97  7:04  SCV  
  104  7:11  Marine x3  
  104  7:12  SCV, Marine  
  109  7:18  SCV, Siege Tank  
  109  7:20  Supply Depot, Marine x2  
  109  7:21  Marine  
  116  7:23  SCV  
  116  7:25  SCV  
  116  7:29  Marine  
  116  7:30  Supply Depot  
  116  7:35  Marine x2  
  117  7:37  Marine x3  
  117  7:41  Marine x2  
  117  7:42  Marauder, Barracks Tech Lab  
  117  7:43  Barracks Tech Lab x2  
  121  7:44  Armory  
  121  7:46  Refinery, Marine  
  121  7:50  Siege Tank  
  125  7:52  Marine  
  125  7:53  Marine  
  125  7:55  Marine  
  128  8:00  Medivac  
  128  8:03  Marauder  
  123  8:05  Marine  
  123  8:06  Marauder x2, Marine x3  
  123  8:08  Medivac  
  133  8:13  Supply Depot  
  133  8:14  Supply Depot  
  133  8:16  Marine x3  
  133  8:17  Marauder  
  138  8:21  Marine  
  138  8:27  Marine  
Show
View Real Time Build Order
Export as new Build Order

Dark Zerg - Winner!

Build Orders: Hatch First 

Get SALT Encoding   

  12  0:00  Drone  
  13  0:12  Overlord  
  13  0:16  Drone  
  14  0:31  Drone x2  
  16  0:47  Hatchery  
  15  0:51  Drone  
  15  0:54  Drone  
  17  0:59  Drone  
  18  1:08  Extractor  
  17  1:14  Spawning Pool  
  17  1:15  Drone  
  17  1:21  Drone  
  18  1:28  Drone  
  19  1:38  Drone  
  20  1:50  Drone  
  21  2:00  Queen x2  
  25  2:02  Zergling x4  
  27  2:13  Hatchery  
  26  2:18  Overlord  
  26  2:21  Drone  
  27  2:24  Drone  
  28  2:38  Drone x3  
  28  2:41  Queen  
  33  2:48  Metabolic Boost  
  33  2:49  Overlord  
  33  2:54  Overlord  
  33  2:57  Drone  
  34  3:00  Drone  
  34  3:05  Drone  
  36  3:08  Drone  
  36  3:11  Drone  
  36  3:12  Drone x2  
  40  3:16  Drone  
  40  3:19  Queen  
  43  3:21  Drone  
  44  3:28  Roach Warren  
  44  3:29  Drone  
  44  3:31  Drone  
  44  3:33  Drone  
  46  3:38  Queen  
  46  3:40  Extractor  
  47  3:42  Overlord  
  47  3:45  Drone x2  
  47  3:47  Drone  
  50  3:50  Zergling x2  
  50  3:51  Zergling x2  
  50  3:54  Overlord  
  52  3:55  Drone  
  52  4:02  Overlord  
  53  4:13  Roach x4  
  61  4:18  Roach  
  61  4:19  Overlord  
  61  4:21  Drone x3  
  61  4:22  Drone  
  67  4:25  Roach  
  69  4:32  Roach  
  69  4:34  Roach  
  69  4:35  Drone  
  69  4:38  Overlord, Drone  
  73  4:39  Drone x2  
  73  4:42  Drone  
  77  4:45  Queen  
  77  4:50  Drone x2  
  77  4:51  Overlord  
  81  4:54  Spore Crawler  
  81  4:57  Lair, Spore Crawler  
  81  4:58  Drone x3  
  82  5:00  Drone  
  82  5:01  Drone  
  82  5:02  Drone  
  82  5:03  Drone  
  86  5:08  Drone  
  85  5:19  Drone x2  
  85  5:22  Drone  
  85  5:23  Ravager  
  85  5:25  Drone  
  83  5:29  Drone x2  
  83  5:33  Drone x2  
  83  5:34  Drone x2  
  85  5:36  Drone  
  85  5:37  Drone x3  
  85  5:39  Drone, Extractor  
  85  5:40  Extractor  
  85  5:41  Evolution Chamber  
  86  5:42  Evolution Chamber  
  86  5:45  Drone x2  
  83  5:50  Drone  
  82  5:57  Zergling x14, Glial Reconstitution  
  82  5:58  Hatchery  
  82  6:02  Extractor  
  82  6:04  Extractor  
  86  6:05  Hatchery, Drone  
  86  6:11  Overlord  
  86  6:12  Overlord  
  86  6:17  Zerg Missile Weapons Level 1, Zerg Ground Armor Level 1  
  86  6:18  Drone x4  
  88  6:19  Drone  
  91  6:26  Roach  
  91  6:27  Roach x2  
  91  6:31  Overlord x6  
  96  6:40  Overlord  
  96  6:42  Roach x4  
  96  6:45  Roach x2  
  108  6:48  Roach x2  
  108  6:50  Overlord  
  112  6:57  Roach x3  
  112  7:00  Roach x2  
  112  7:01  Roach  
  124  7:05  Roach x3  
  130  7:12  Roach  
  130  7:13  Roach x4  
  130  7:14  Roach x2  
  144  7:19  Ravager x3  
  147  7:23  Roach  
  147  7:24  Roach  
  147  7:25  Roach x2  
  147  7:29  Roach  
  157  7:38  Roach x5  
  157  7:39  Overlord, Roach x2  
  157  7:43  Overlord  
  171  7:44  Zergling x14  
  171  7:47  Roach  
  179  7:51  Roach x2  
  179  7:53  Zergling x6  
  179  7:54  Ravager x2  
  179  7:56  Overlord  
  188  8:02  Zergling x14  
  187  8:06  Ravager  
  187  8:07  Ravager x3  
  187  8:08  Ravager  
  187  8:10  Zergling x14  

Tags
 
Add a new tag
Caveats
  • Supply blocks, unpowered buildings, or Contaminate may cause inaccurate times.
  • Supply counts are checked every 10 seconds.